 Dungeon Crawl Stone Soup version 0.29-a0-1008-g949cc1d0fb (webtiles) character file.

Game seed: 18419626599100846825

2216 garrulousMonolith the Shield-Bearer (level 9, -2/74 HPs)
             Began as a Gnoll Fighter on Aug 8, 2022.
             Was a Priest of Cheibriados.
             Slain by Menkaure (10 damage)
             ... on level 6 of the Dungeon.
             The game lasted 00:05:53 (5915 turns).

garrulousMonolith the Shield-Bearer (Gnoll Fighter) Turns: 5915, Time: 00:05:54

Health: -2/74      AC:  8    Str: 23    XL:     9   Next: 35%
Magic:  24/24      EV: 14    Int: 21    God:    Cheibriados [***...]
Gold:   210        SH:  7    Dex: 19    Spells: 16/16 levels left

rFire   . . .      SeeInvis .   o - +2 dagger (elec)
rCold   . . .      Faith    +   c - +0 buckler
rNeg    . . .      Spirit   .   G - +0 steam dragon scales
rPois   .          Reflect  .   (no helmet)
rElec   .          Harm     .   m - +0 cloak
rCorr   .          Rampage  .   (no gloves)
Will    .....                   (no boots)
Stlth   +++.......              y - amulet of faith
HPRegen 0.22/turn               i - ring of magical power
MPRegen 0.19/turn               (no ring)

@: very slow
A: fangs 1, strong nose, distributed training
a: Renounce Religion, Bend Time, Temporal Distortion


You were on level 6 of the Dungeon.
You worshipped Cheibriados.
Cheibriados was most pleased with you.
You visited 2 branches of the dungeon, and saw 7 of its levels.

You collected 301 gold pieces.
You spent 91 gold pieces at shops.

Inventory:

Hand Weapons
 a - a +0 long sword
 k - a +4 war axe
 o - a +2 dagger of electrocution (weapon)
 H - a +4 vampiric long sword
Missiles
 K - 2 throwing nets (quivered)
Armour
 b - a +0 scale mail
 c - a +0 buckler (worn)
 m - a +0 cloak (worn)
 q - a +1 pair of gloves
 G - +0 steam dragon scales (worn)
Magical Staves
 f - a staff of cold
Jewellery
 i - a ring of magical power (left hand)
 y - an amulet of faith (around neck)
 I - a ring of magical power
Wands
 w - a wand of flame (35)
 z - a wand of mindburst (5)
Scrolls
 e - a scroll of identify
 g - a scroll of silence
 h - a scroll of magic mapping {unknown}
 j - 2 scrolls of poison {unknown}
 n - 2 scrolls of vulnerability {unknown}
 t - 2 scrolls of teleportation {unknown}
 u - a scroll of noise {unknown}
 D - a scroll of blinking {unknown}
 E - a scroll of amnesia {unknown}
 J - a scroll of butterflies {unknown}
 M - a scroll of enchant armour {unknown}
Potions
 d - a potion of ambrosia
 l - a potion of magic
 p - a potion of mutation {unknown}
 r - a potion of lignification {unknown}
 s - 2 potions of curing
 v - a potion of degeneration {unknown}
 x - 4 potions of attraction
 A - a potion of resistance {unknown}
 B - a potion of cancellation {unknown}
 C - a potion of flight {unknown}
 F - a potion of heal wounds {unknown}
 L - a potion of haste {unknown}


   Skills:
 + Level 7.9 Fighting
 + Level 4.3 Short Blades
 + Level 6.3 Long Blades
 + Level 4.3 Axes
 + Level 4.3 Maces & Flails
 + Level 4.3 Polearms
 + Level 4.3 Staves
 + Level 4.3 Ranged Weapons
 + Level 4.3 Throwing
 + Level 7.9 Armour
 + Level 4.3 Dodging
 + Level 4.3 Stealth
 + Level 7.9 Shields
 + Level 4.3 Unarmed Combat
 + Level 4.3 Spellcasting
 + Level 3.5 Conjurations
 + Level 3.5 Hexes
 + Level 3.5 Summonings
 + Level 3.5 Necromancy
 + Level 3.5 Translocations
 + Level 3.5 Transmutations
 + Level 3.5 Fire Magic
 + Level 3.5 Ice Magic
 + Level 3.5 Air Magic
 + Level 3.5 Earth Magic
 + Level 3.5 Poison Magic
 + Level 4.7 Invocations
 + Level 4.3 Evocations


You had 16 spell levels left.
You didn't know any spells.
Your spell library was empty.

Dungeon Overview and Level Annotations

Branches:
Dungeon (6/15)             Temple (1/1) D:4

Altars:
Ashenzari
Cheibriados
Dithmenos
Elyvilon
Fedhas
Gozag
Hepliaklqana
Kikubaaqudgha
Makhleb
Nemelex Xobeh
Okawaru
Qazlal
Ru
Sif Muna
Trog
Uskayaw
Vehumet
Wu Jian
Xom
Yredelemnul
Zin
The Shining One

Shops:
D:4 *

Annotations:
D:6 Menkaure


Innate Abilities, Weirdness & Mutations

You have very sharp teeth.
Your uncanny sense of smell can sniff out nearby items.
Your experience applies equally to all skills.


Message History

Menkaure casts a spell at you. Pain shoots through your body!
You hit Menkaure but do no damage.
Menkaure is severely damaged.
Menkaure hits you!
* * * LOW HITPOINT WARNING * * *
You feel better. Menkaure misses you. You block Menkaure's attack.
Okay, then.
Okay, then.
You feel the dreadful sensation subside.
You hear the crackle of electricity.
o - a +2 dagger of electrocution (weapon)
You hit Menkaure. Your bite misses Menkaure.
Menkaure is severely damaged.
Menkaure calls on the powers of darkness!
Your body is wracked with pain!
* * * LOW HITPOINT WARNING * * *
You hit Menkaure.
Menkaure is almost destroyed.
Menkaure closely misses you.
You hit Menkaure but do no damage.
Menkaure is almost destroyed.
Menkaure misses you.
You hit Menkaure but do no damage.
Menkaure is almost destroyed.
Menkaure hits you!
* * * LOW HITPOINT WARNING * * *
You feel better. Menkaure misses you.
You hit Menkaure.
Menkaure is almost destroyed.
Menkaure hits you.
* * * LOW HITPOINT WARNING * * *
You feel better.
Menkaure calls on the powers of darkness!
Your body is wracked with pain!
* * * LOW HITPOINT WARNING * * *
You hit Menkaure but do no damage.
Menkaure is almost destroyed.
Menkaure hits you!
You die...

...................
############<###.##
#..##.# #.##.# #..<..
#.#.###########
#.............#
#.#.#########.# #
#..@# #.# # #..M# #.#
# #...# #.# # #...#
#.# # ## #.#.# #.# #
.########
#.#>#########.######
.'.......
..#.#...............
.########
####.#.########.#####
.'......# #.# #.#


You could see Menkaure (fast).

Vanquished Creatures
  Pikel (D:6)
  Maggie (D:6)
  Sigmund (D:3)
  Eustachio (D:6)
  2 water moccasins (D:5)
  2 ice beasts
  A sky beast (D:6)
  An ogre (D:6)
  2 lemures (D:6)
  A necrophage (D:5)
  A scorpion (D:5)
  A howler monkey (D:5)
  A hound (D:5)
  An orc priest (D:5)
  A gnoll bouda (D:6)
  An orc wizard (D:6)
  12 adders
  8 gnolls
  2 river rats (D:3)
  A white imp (D:6)
  3 worms
  3 dart slugs
  12 orcs
  8 ball pythons
  5 bats
  6 endoplasms
  4 giant cockroaches
  4 goblins
  3 hobgoblins
  6 kobolds
  3 quokkas
  3 frilled lizards
  23 rats
125 creatures vanquished.

Notes
Turn   | Place    | Note
-------+----------+-------------------------------------------
     0 | D:1      | garrulousMonolith the Gnoll Fighter began the quest for the
                  | Orb.
     0 | D:1      | Reached XP level 1. HP: 23/23 MP: 1/1
   150 | D:1      | Reached XP level 2. HP: 29/29 MP: 2/2
   748 | D:2      | Reached XP level 3. HP: 35/35 MP: 3/3
   913 | D:2      | Reached skill level 1 in Invocations
  1126 | D:2      | Reached skill level 1 in Short Blades
  1126 | D:2      | Reached skill level 1 in Axes
  1126 | D:2      | Reached skill level 1 in Maces & Flails
  1126 | D:2      | Reached skill level 1 in Polearms
  1126 | D:2      | Reached skill level 1 in Staves
  1126 | D:2      | Reached skill level 1 in Ranged Weapons
  1126 | D:2      | Reached skill level 1 in Throwing
  1126 | D:2      | Reached skill level 1 in Dodging
  1126 | D:2      | Reached skill level 1 in Stealth
  1126 | D:2      | Reached skill level 1 in Unarmed Combat
  1126 | D:2      | Reached skill level 1 in Spellcasting
  1126 | D:2      | Reached skill level 1 in Evocations
  1191 | D:2      | Reached XP level 4. HP: 37/41 MP: 5/5
  1508 | D:2      | Found a faded altar of an unknown god.
  1607 | D:3      | Noticed Sigmund
  1767 | D:3      | Reached skill level 1 in Conjurations
  1767 | D:3      | Reached skill level 1 in Hexes
  1767 | D:3      | Reached skill level 1 in Summonings
  1767 | D:3      | Reached skill level 1 in Necromancy
  1767 | D:3      | Reached skill level 1 in Translocations
  1767 | D:3      | Reached skill level 1 in Transmutations
  1767 | D:3      | Reached skill level 1 in Fire Magic
  1767 | D:3      | Reached skill level 1 in Ice Magic
  1767 | D:3      | Reached skill level 1 in Air Magic
  1767 | D:3      | Reached skill level 1 in Earth Magic
  1767 | D:3      | Reached skill level 1 in Poison Magic
  1771 | D:3      | Found a blossoming altar of Fedhas.
  1812 | D:3      | Killed Sigmund
  1813 | D:3      | Reached XP level 5. HP: 31/47 MP: 7/7
  1813 | D:3      | Reached XP level 6. HP: 34/53 MP: 8/8
  2074 | D:3      | You fall into a shaft and drop 1 floor!
  2074 | D:4      | Found a staircase to the Ecumenical Temple.
  2151 | D:4      | Reached skill level 5 in Long Blades
  2198 | Temple   | Entered the Ecumenical Temple
  2356 | Temple   | Became a worshipper of Cheibriados the Contemplative
  2680 | D:4      | Found Retunu's Gadget Gallery.
  2709 | D:4      | Bought a wand of flame (10) for 91 gold pieces
  3238 | D:3      | Reached * piety under Cheibriados
  3519 | D:3      | Reached ** piety under Cheibriados
  3794 | D:5      | Entered Level 5 of the Dungeon
  3900 | D:5      | Noticed a water moccasin
  3910 | D:5      | Killed a water moccasin
  3911 | D:5      | Reached XP level 7. HP: 53/60 MP: 10/10
  4279 | D:5      | Reached *** piety under Cheibriados
  4299 | D:5      | Found an iron altar of Okawaru.
  4646 | D:5      | Reached XP level 8. HP: 63/67 MP: 12/12
  5001 | D:6      | Noticed Maggie
  5020 | D:6      | Killed Maggie
  5473 | D:6      | Noticed Pikel
  5499 | D:6      | Killed Pikel
  5500 | D:6      | Reached XP level 9. HP: 46/74 MP: 15/15
  5852 | D:6      | Noticed Eustachio
  5861 | D:6      | Killed Eustachio
  5901 | D:6      | Noticed Menkaure
  5915 | D:6      | Slain by Menkaure

Illustrated notes

Levels and vault maps discovered:
D:1:      psy_arrival_terrarium, layout_basic
D:2:      layout_basic, basic_ecumenical_altar, roderic_st_hans_cross
D:3:      layout_basic, mainiacjoe_overflow_alcove_4, gup_sewer_entry_bubbles,
          minmay_rat_hole, uniq_sigmund
D:4:      layout_loops_ring, temple_doors_e, nrook_uturn, nicolae_shop_gadgets
D:5:      layout_gridville, okawaru_metal_pillars_3, chequers_big_river,
          feat_on_display
D:6:      layout_basic, uniq_maggie, uniq_eustachio, uniq_pikel, uniq_menkaure
Temple:   nicolae_temple_slightly_damp_pantheon

Skill      XL: |  1  2  3  4  5  6  7  8 |
---------------+-------------------------+-----
Invocations    | 1 2 3 4 |  4.7
Short Blades   | 1 2 3 4 |  4.3
Axes           | 1 2 3 4 |  4.3
Maces & Flails | 1 2 3 4 |  4.3
Polearms       | 1 2 3 4 |  4.3
Staves         | 1 2 3 4 |  4.3
Ranged Weapons | 1 2 3 4 |  4.3
Throwing       | 1 2 3 4 |  4.3
Dodging        | 1 2 3 4 |  4.3
Stealth        | 1 2 3 4 |  4.3
Unarmed Combat | 1 2 3 4 |  4.3
Spellcasting   | 1 2 3 4 |  4.3
Evocations     | 1 2 3 4 |  4.3
Conjurations   | 1 2 3 |  3.5
Hexes          | 1 2 3 |  3.5
Summonings     | 1 2 3 |  3.5
Necromancy     | 1 2 3 |  3.5
Translocations | 1 2 3 |  3.5
Transmutations | 1 2 3 |  3.5
Fire Magic     | 1 2 3 |  3.5
Ice Magic      | 1 2 3 |  3.5
Air Magic      | 1 2 3 |  3.5
Earth Magic    | 1 2 3 |  3.5
Poison Magic   | 1 2 3 |  3.5
Long Blades    | 5 6 |  6.3
Fighting       | 7 |  7.9
Armour         | 7 |  7.9
Shields        | 7 |  7.9

Action                   |  1- 3 |  4- 6 |  7- 9 || total
-------------------------+-------+-------+-------++-------
Melee: Long sword        |    82 |       |    79 ||   161
       Bite              |    11 |    15 |    21 ||    47
       War axe           |    16 |     3 |       ||    19
       Dagger            |       |   222 |    91 ||   313
Evoke: Wand              |       |       |     2 ||     2
  Use: Scroll            |     1 |     3 |     1 ||     5
       Potion            |       |     1 |     3 ||     4
 Stab: Sleeping          |       |       |     2 ||     2
Armor: Scale mail        |    60 |    68 |    23 ||   151
       Steam dragon scal |       |       |    28 ||    28
Dodge: Dodged            |    40 |    60 |    74 ||   174
Block: Buckler           |    23 |    41 |    38 ||   102

Table legend: (Time is in decaauts)
 A = Elapsed time spent in this place.
 B = Non-inter-level travel time spent in this place.
 C = Inter-level travel time spent in this place.
 D = Time resting spent in this place.
 E = Time spent auto-exploring this place.
 F = Levels seen in this place.
 G = Mean time per level.
                   A        B        C        D        E       F      G
               +--------+--------+--------+--------+--------+-----+--------+
         Total |   6955 |   6586 |    369 |    375 |   5001 |   7 |  993.6 |
       Dungeon |   6759 |   6413 |    346 |    375 |   4853 |   6 | 1126.5 |
        Temple |    195 |    172 |     23 |      0 |    147 |   1 |  195.0 |
               +--------+--------+--------+--------+--------+-----+--------+

Top non-repeatable levels by time:
     D:5: 1495 daAuts
     D:3: 1342 daAuts
     D:6: 1245 daAuts
     D:4: 998 daAuts
     D:2: 946 daAuts
     D:1: 730 daAuts
  Temple: 195 daAuts
